 Dungeon Crawl Stone Soup version 0.31-a0-986-g5e6e4ef867 (webtiles) character file.

Game seed: 16057577660537391442

6409 sammy202020 the Grappler (level 10, -4/92 HPs)
             Began as an Armataur Shapeshifter on Nov 9, 2023.
             Was an Initiate of Gozag.
             Killed from afar by an acid dragon (33 damage)
             ... with a splash of acid
             ... on level 9 of the Dungeon.
             The game lasted 00:14:56 (11288 turns).

sammy202020 the Grappler (Armataur Shapeshifter)   Turns: 11288, Time: 00:14:57

Health: -4/92      AC: 11    Str: 27    XL:     10   Next: 66%
Magic:  10/10      EV:  7    Int: 10    God:    Gozag
Gold:   1038       SH:  0    Dex: 13    Spells: 9/9 levels left

rFire   . .          .
                       - Unarmed
rCold   . . .        (shield currently unavailable)
rNeg    . . .        r - +0 plate armour
rPois   +            (no helmet)
rElec   .            (no cloak)
rCorr   .            (no gloves)
SInv    .            (no barding)
Will    .....        (no amulet) Stlth
                     g - ring of poison resistance
HPRegen 0.35/turn    h - +6 ring of strength
MPRegen 0.12/turn

%: roll
@: brilliant, flux-form, gold aura, glowing
A: glow, contaminating, large, rugged brown scales 3, deformed body, armoured
tail, roll, long tongue, awkward tongue, hooves 1
a: Begin Untransformation, Renounce Religion, Potion Petition, Call Merchant,
Bribe Branch


You were on level 9 of the Dungeon.
You worshipped Gozag.
Gozag was most pleased with you.
You were something dangerously unstable.
You visited 2 branches of the dungeon, and saw 10 of its levels.
You also visited: Sewer.

You collected 1126 gold pieces.
You paid 88 gold pieces to Gozag.

Inventory:

Missiles
 n - a throwing net
Armour
 r - a +0 plate armour (worn)
 u - a +2 robe of resistance
Jewellery
 g - a ring of poison resistance (left hand)
 h - a +6 ring of strength (right hand)
 s - a ring of willpower
Talismans
 c - a beast talisman
 d - a flux talisman (active)
Wands
 a - a wand of flame (15)
Scrolls
 e - 6 scrolls of teleportation
 i - 2 scrolls of identify
 k - 3 scrolls of enchant armour
 l - a scroll of enchant weapon
 m - a scroll of blinking
 o - 2 scrolls of fog
 q - a scroll of immolation
 t - 3 scrolls of fear
 v - a scroll of vulnerability
Potions
 b - 8 potions of enlightenment
 j - a potion of mutation
 p - a potion of cancellation


   Skills:
 * Level 7.5 Fighting
 + Level 6.8 Armour
 + Level 4.5 Dodging
 * Level 8.0 Unarmed Combat
 * Level 7.4 Shapeshifting


You had 9 spell levels left.
You didn't know any spells.
Your spell library contained the following spells:

 Spells                   Type           Power      Damage    Failure   Level
 Sandblast                Erth           0%         2d4       99%         1
 Passwall                 Tmut/Erth      0%         N/A       99%         2
 Dazzling Flash           Conj/Hex       0%         N/A       100%        3
 Stone Arrow              Conj/Erth      0%         3d7       100%        3
 Brom's Barrelling Bould  Conj/Erth      0%         2d3       100%        4
 Leda's Liquefaction      Hex/Erth       0%         N/A       100%        4
 Agony                    Necr           0%         N/A       100%        5
 Lee's Rapid Deconstruct  Erth           0%         3d4*      100%        5
 Silence                  Hex/Air        0%         N/A       100%        5
 Bombard                  Conj/Erth      0%         9d1       100%        6


Dungeon Overview and Level Annotations

Branches:
Dungeon (9/15)             Temple (1/1) D:5           Sewer (visited)
   Lair: D:8-11         Orc: D:9-12

Altars:
Ashenzari
Cheibriados
Dithmenos
Elyvilon
Fedhas
Gozag
Hepliaklqana
Kikubaaqudgha
Makhleb
Nemelex Xobeh
Okawaru
Qazlal
Ru
Sif Muna
Trog
Uskayaw
Vehumet
Wu Jian
Xom
Yredelemnul
Zin
The Shining One


Innate Abilities, Weirdness & Mutations

You are something dangerously unstable.
You glow with magical radiation, making you easy to see and hit.
Foes you strike become dangerously contaminated with magical radiation.
You are incapable of wielding weapons or throwing items.
You are completely covered in rugged brown scales. (AC +3, +7% HP)
Armour fits poorly on your strangely shaped body.
You have a long armoured tail.
You roll when moving toward enemies. (Rampage)
Your long tongue fully drains potion bottles. (2x potion effects)
Your tongue gives you trouble enunciating. (1.5x scroll delay)
You have large cloven feet.


Message History

The orc priest mumbles some strange prayers to Beogh against you.
Beogh smites you!
You punch the orc priest!
You kill the orc priest!
You closely miss something. Your kick misses something. Something hits you.
You hit something but do no damage.
The orc wizard begins to glow.
You kick the orc wizard.
You tail-slap the orc wizard, but do no damage.
The orc wizard is lightly wounded.
The orc wizard hits you with a +0 dagger.
* * * LOW HITPOINT WARNING * * *
You punch the orc wizard!
The orc wizard glows dangerously bright.
You tail-slap the orc wizard.
You kill the orc wizard!
Reactivating autopickup.
You barely miss the orc. You kick the orc.
The orc is heavily wounded.
You barely miss the orc.
Your tail-slap misses the orc.
The orc is heavily wounded.
An acid dragon comes into view.
The orc is distracted by your dazzling golden aura.
The orc shouts!
You hit the orc.
You kill the orc!
Items here: $ ))) [[.
Things that are here:
18 gold pieces; a +0 whip; a +0 leather armour
Okay, then.
The acid dragon is distracted by your dazzling golden aura.
Items here: $ ))) [[.
You roll towards the acid dragon!
The acid dragon roars!
You hit the acid dragon.
The acid dragon begins to glow.
The acid dragon is no longer distracted by gold.
The acid dragon is lightly wounded.
The acid dragon spits acid at you. The splash of acid hits you!!
You die...
Your body crumbles into a pile of gold.

.## ..###
#..... ....#
#.... ##...
##.D# ##.p#
#.!## #$## #$#
#.# ##### #.#
##...# ## #.#
#....####.
##.###..#..##..
#..##..###.##.#


You could see an acid dragon (contam, catching breath).

Vanquished Creatures
  A hydra (D:9)
  Jeremiah (D:8)
  Maggie (D:8)
  Prince Ribbit (D:8)
  Sigmund (D:6)
  2 dream sheep (D:9)
  2 wraiths (D:9)
  5 yaks (D:8)
  A wyvern (D:5)
  Menkaure (D:7)
  A steam dragon (D:9)
  A water moccasin (D:6)
  A sky beast (D:7)
  2 orc warriors
  A black bear (D:6)
  2 ogres
  4 phantoms
  4 kobold brigands
  6 bullfrogs
  3 scorpions
  5 wights (D:7)
  A howler monkey (D:8)
  2 jellies
  9 orc priests
  A gnoll bouda (D:5)
  4 hounds
  3 iguanas
  5 orc wizards
  A sleepcap (D:4)
  5 gnolls (D:5)
  16 adders
  3 river rats (Sewer)
  A shadow imp (D:6)
  A white imp (D:5)
  2 ufetubi (D:7)
  4 worms
  25 orcs
  13 bats
  10 endoplasms
  8 giant cockroaches
  9 goblins
  7 hobgoblins
  7 jackals
  2 quokkas
  16 ball pythons
  6 frilled lizards
  15 kobolds
  4 rats
226 creatures vanquished.

Notes
Turn   | Place    | Note
-------+----------+-------------------------------------------
     0 | D:1      | sammy202020 the Armataur Shapeshifter began the quest for
                  | the Orb.
     0 | D:1      | Reached XP level 1. HP: 16/16 MP: 1/1
    14 | D:1      | Reached skill level 1 in Fighting
    82 | D:1      | Reached XP level 2. HP: 24/24 MP: 2/2
   313 | D:1      | Reached skill level 3 in Unarmed Combat
   537 | D:2      | Reached XP level 3. HP: 29/29 MP: 3/3
   742 | D:2      | Reached skill level 1 in Armour
   878 | D:2      | Found a faded altar of an unknown god.
  1004 | D:2      | Reached XP level 4. HP: 22/38 MP: 4/4
  2356 | D:4      | Found a glowing drain.
  2366 | Sewer    | Entered a sewer
  2536 | Sewer    | Reached XP level 5. HP: 25/44 MP: 5/5
  3379 | D:4      | Reached XP level 6. HP: 20/53 MP: 6/6
  3877 | D:4      | Reached skill level 4 in Unarmed Combat
  4239 | D:5      | Entered Level 5 of the Dungeon
  4271 | D:5      | Reached XP level 7. HP: 60/60 MP: 7/7
  4637 | D:5      | Found a staircase to the Ecumenical Temple.
  4643 | Temple   | Entered the Ecumenical Temple
  4683 | Temple   | Became a worshipper of Gozag Ym Sagoz the Greedy
  4754 | D:5      | Gained mutation: You have large cloven feet. [potion of
                  | mutation]
  4754 | D:5      | Gained mutation: Your spells are a little easier to cast,
                  | but a little less powerful. [potion of mutation]
  4754 | D:5      | Lost mutation: Your spells are a little easier to cast, but
                  | a little less powerful. [potion of mutation]
  4763 | D:5      | HP: 2/63 [acid (6)]
  5371 | D:5      | Noticed a wyvern
  5381 | D:5      | Killed a wyvern
  5382 | D:5      | Reached skill level 5 in Unarmed Combat
  5382 | D:5      | Reached XP level 8. HP: 48/71 MP: 8/8
  5864 | D:5      | Reached skill level 5 in Shapeshifting
  6381 | D:6      | Reached skill level 5 in Fighting
  6514 | D:6      | Noticed Sigmund
  6520 | D:6      | Killed Sigmund
  6809 | D:6      | Reached skill level 6 in Unarmed Combat
  6809 | D:6      | Reached XP level 9. HP: 53/79 MP: 9/9
  7032 | D:6      | Found a blossoming altar of Fedhas.
  7041 | D:6      | Found a snail-covered altar of Cheibriados.
  7242 | D:7      | Reached skill level 5 in Armour
  7268 | D:7      | Noticed Menkaure
  7273 | D:7      | Killed Menkaure
  7525 | D:7      | Identified the flux talisman of the Kettle-Drum {Str-5
                  | Dex+5}
  8235 | D:8      | Noticed Jeremiah
  8256 | D:8      | Killed Jeremiah
  8768 | D:8      | Noticed Prince Ribbit
  8782 | D:8      | Killed Prince Ribbit
  8927 | D:8      | Reached skill level 7 in Unarmed Combat
  9451 | D:8      | Noticed Maggie
  9460 | D:8      | Killed Maggie
  9461 | D:8      | Reached XP level 10. HP: 62/89 MP: 10/10
 10463 | D:9      | Noticed a three-headed hydra
 10475 | D:9      | Killed a three-headed hydra
 11173 | D:9      | Found a sacrificial altar of Ru.
 11270 | D:9      | Reached skill level 8 in Unarmed Combat
 11288 | D:9      | Killed from afar by an acid dragon

Illustrated notes

Levels and vault maps discovered:
D:1:      reono_arrival_mine, layout_rooms
D:2:      layout_basic, hellmonk_ecumenical_altar_slurped_away
D:3:      layout_basic, minmay_misc_feat_hallway
D:4:      layout_rooms, gup_sewer_entry_bubbles
D:5:      layout_cave_pods, minmay_temple_entry_drinking_statues,
          chequers_serial_rivers_room_b
D:6:      layout_cave_pools, mainiacjoe_overflow_swirl, uniq_sigmund
D:7:      layout_rooms, minmay_misc_feat_square, uniq_menkaure
D:8:      layout_basic, enter_bailey_2, uniq_prince_ribbit1, uniq_jeremiah,
          uniq_maggie
D:9:      layout_layer_cave, nicolae_ru_the_path_less_chosen, orc_0_dummy,
          hangedman_ranch
Temple:   nicolae_temple_bog_church

Skill      XL: |  1  2  3  4  5  6  7  8  9 10 |
---------------+-------------------------------+-----
Fighting       | 1 2 3 4 5 6 7 |  7.5
Unarmed Combat | 3 4 5 6 7 8 |  8.0
Shapeshifting  | 3 4 5 6 7 |  7.4
Armour         | 1 2 3 4 5 6 |  6.8
Dodging        | 2 3 4 |  4.5

Action                     |  1- 3 |  4- 6 |  7- 9 | 10-12 || total
---------------------------+-------+-------+-------+-------++-------
  Melee: Unarmed           |   109 |   268 |   300 |    84 ||   761
         Punch             |     3 |     2 |     4 |       ||     9
         Tailslap          |     7 |    29 |    46 |    18 ||   100
         Kick              |       |       |    93 |    38 ||   131
    Use: Scroll            |     3 |     7 |     4 |       ||    14
         Potion            |       |     4 |     3 |     3 ||    10
 Armour: Animal skin       |    13 |       |       |       ||    13
         Ring mail         |     9 |       |       |       ||     9
         Scale mail        |    37 |   213 |   208 |       ||   458
         Skin              |       |    62 |       |       ||    62
         Plate armour      |       |       |    33 |    87 ||   120
  Dodge: Dodged            |    40 |   138 |   135 |    20 ||   333
   Form: Beast             |       |     1 |       |       ||     1
         Flux              |       |       |     1 |       ||     1

Table legend: (Time is in decaauts)
 A = Elapsed time spent in this place.
 B = Non-inter-level travel time spent in this place.
 C = Inter-level travel time spent in this place.
 D = Time resting spent in this place.
 E = Time spent auto-exploring this place.
 F = Levels seen in this place.
 G = Mean time per level.
                   A        B        C        D        E       F      G
               +--------+--------+--------+--------+--------+-----+--------+
         Total |  11226 |  10969 |    257 |   2241 |   6828 |  11 | 1020.5 |
       Dungeon |  10235 |   9979 |    256 |   2087 |   6291 |   9 | 1137.2 |
        Temple |     79 |     78 |      1 |      0 |      0 |   1 |   79.0 |
         Sewer |    911 |    911 |      0 |    154 |    537 |   1 |  911.0 |
               +--------+--------+--------+--------+--------+-----+--------+

Top non-repeatable levels by time:
     D:8: 1710 daAuts
     D:4: 1415 daAuts
     D:5: 1391 daAuts
     D:9: 1335 daAuts
     D:7: 1073 daAuts
     D:6: 1024 daAuts
   Sewer: 911 daAuts
     D:3: 904 daAuts
     D:2: 894 daAuts
     D:1: 486 daAuts
  Temple: 79 daAuts
